[Event "Titled Tuesday Blitz May 30 Late 2023"]
[White "Gatterer, Florian"]
[Black "Hossain, Enamul"]
[WhiteFideId "811688"]
[BlackFideId "10200649"]
[WhiteElo "2221"]
[BlackElo "2433"]
[Result "1/2-1/2"]
[Round "04"]
[TimeControl "180+2"]
[Date "2023.05.31"]
[WhiteClock "0:01:12"]
[BlackClock "0:00:41"]

1. b3 Nf6 2. Bb2 g6 3. Nf3 Bg7 4. g3 c5 5. c4 d6 6. d4 Ne4 7. Bg2 Qa5+ 8. Nfd2 Nxd2 9. Nxd2 cxd4 10. e3 Nc6 11. O-O O-O 12. Bxc6 bxc6 13. Bxd4 e5 14. Bb2 Bh3 15. Re1 d5 16. Qc2 Rfe8 17. e4 d4 18. Qd3 c5 19. Nf3 h6 20. Nh4 Qd8 21. Bc1 a5 22. Bd2 a4 23. b4 cxb4 24. Bxb4 Qd7 25. a3 Bf6 26. Ng2 Be7 27. c5 Rec8 28. Rac1 Kg7 29. f3 Be6 30. f4 1/2-1/2


[Site "https://www.chess.com"]

[Event "Titled Tuesday Blitz May 30 Late 2023"]
[White "Korchmar, Vasiliy"]
[Black "Tymrakiewicz, Rafal"]
[WhiteFideId "24131750"]
[BlackFideId "1108832"]
[WhiteElo "2370"]
[BlackElo "2151"]
[Result "1-0"]
[Round "04"]
[TimeControl "180+2"]
[Date "2023.05.31"]
[WhiteClock "0:00:45"]
[BlackClock "0:00:31"]

1. e4 Nf6 2. e5 Nd5 3. d4 d6 4. Nf3 g6 5. Bc4 Nb6 6. Bb3 d5 7. O-O Bg7 8. c3 Nc6 9. Re1 Bg4 10. Nbd2 O-O 11. h3 Bxf3 12. Nxf3 f6 13. Bf4 Nc4 14. Bxc4 dxc4 15. d5 fxe5 16. Bg5 Na5 17. Nxe5 Qd6 18. Ng4 Rf7 19. Re6 Qc5 20. Qd2 Rd8 21. Rd1 Rf5 22. Bxe7 Rfxd5 23. Bxd8 Rxd2 24. Rxd2 Nc6 25. Rd7 Nxd8 26. Re8+ Bf8 27. Nf6+ Kh8 28. Rxh7# 1-0


[Site "https://www.chess.com"]

[Event "Titled Tuesday Blitz May 30 Late 2023"]
[White "Arnold, Ken"]
[Black "MKlose11"]
[WhiteFideId "2056836"]
[WhiteElo "2393"]
[BlackElo "2607"]
[Result "1-0"]
[Round "04"]
[TimeControl "180+2"]
[Date "2023.05.31"]
[WhiteClock "0:00:13"]
[BlackClock "0:00:01"]

1. d4 Nf6 2. Nf3 c5 3. d5 b5 4. a4 b4 5. b3 d6 6. Bb2 g6 7. Nbd2 Bg7 8. e4 O-O 9. Rb1 e6 10. dxe6 Bxe6 11. Bc4 Bxc4 12. Bxf6 Bxf6 13. Nxc4 Bc3+ 14. Nfd2 Nc6 15. O-O Re8 16. Nf3 Rxe4 17. Nxd6 Re6 18. Nc4 Qxd1 19. Rbxd1 Re2 20. Rd7 Rxc2 21. Rc7 Nd4 22. Ng5 Rf8 23. Nd6 Ne6 24. Nxe6 fxe6 25. Rxc5 Rfxf2 26. Rc8+ Kg7 27. Rc7+ Kg8 28. Rc8+ Kg7 29. Rc7+ Kh6 30. Nf7+ Rxf7 31. Rcxf7 a5 32. h3 Ra2 33. Rd7 Rb2 34. Rff7 Rxb3 35. Rxh7+ Kg5 36. g3 e5 37. Rdf7 Bd4+ 38. Kg2 Rb2+ 39. Kf3 Rb3+ 40. Ke4 Rxg3 41. h4+ Kg4 42. Rfg7 Kh3 43. h5 gxh5 44. Rxh5+ Kg2 45. Rxg3+ Kxg3 46. Rh6 b3 47. Rh7 b2 48. Rb7 Kf2 49. Kd3 Kf3 50. Kc2 Ke2 51. Rb5 e4 52. Rxa5 e3 53. Ra6 Kf3 54. Re6 1-0


[Site "https://www.chess.com"]

[Event "Titled Tuesday Blitz May 30 Late 2023"]
[White "Perez, Maximiliano"]
[Black "Talbi, Chafik"]
[WhiteFideId "117234"]
[BlackFideId "7903715"]
[WhiteElo "2344"]
[BlackElo "2186"]
[Result "1-0"]
[Round "04"]
[TimeControl "180+2"]
[Date "2023.05.31"]
[WhiteClock "0:00:21"]
[BlackClock "0:00:01"]

1. e4 c6 2. d4 d5 3. e5 Bf5 4. h4 h5 5. c4 e6 6. Nc3 Ne7 7. Nge2 dxc4 8. Ng3 Bd3 9. Bxd3 cxd3 10. Qxd3 Nd7 11. Nce4 Nxe5 12. Qb3 Qxd4 13. O-O Qd7 14. Qxb7 Qxb7 15. Nd6+ Kd7 16. Nxb7 Nd5 17. Ne4 Kc7 18. Na5 Be7 19. Bd2 Rab8 20. b3 Bxh4 21. Rac1 Rb6 22. Be3 Nxe3 23. fxe3 Be7 24. Nc4 Nxc4 25. Rxf7 Nxe3 26. Rxe7+ Kb8 27. Rxg7 Rb7 28. Rg6 Rc7 29. Rxe6 Rg8 30. Kf2 Nxg2 31. Rg1 Rcg7 32. Rxc6 Nf4 33. Rxg7 Rxg7 34. Rh6 Re7 35. Kf3 Rf7 36. Nd6 Rf8 37. Ke4 Ne2 38. Kd3 Nf4+ 39. Kc4 1-0


[Site "https://www.chess.com"]

[Event "Titled Tuesday Blitz May 30 Late 2023"]
[White "Qiao, Cindy"]
[Black "Aldokhin, Ivan"]
[WhiteFideId "2620243"]
[BlackFideId "24115720"]
[WhiteElo "1777"]
[BlackElo "2322"]
[Result "0-1"]
[Round "04"]
[TimeControl "180+2"]
[Date "2023.05.31"]
[WhiteClock "0:02:07"]
[BlackClock "0:01:14"]

1. e4 c5 2. Nf3 e6 3. c3 Nf6 4. e5 Nd5 5. d4 cxd4 6. cxd4 d6 7. Bd3 Be7 8. O-O Nc6 9. Nc3 O-O 10. Qe2 Bd7 11. exd6 Bxd6 12. Bxh7+ Kxh7 13. Ng5+ Kg8 14. Nxd5 exd5 15. Qh5 Bf5 16. f4 Nxd4 17. Be3 Nc2 18. Rf3 f6 19. Rh3 fxg5 20. fxg5 Qe8 0-1


[Site "https://www.chess.com"]

[Event "Titled Tuesday Blitz May 30 Late 2023"]
[White "Roberz12"]
[Black "Adewumi, Tanitoluwa"]
[BlackFideId "30966396"]
[WhiteElo "2360"]
[BlackElo "2603"]
[Result "1-0"]
[Round "04"]
[TimeControl "180+2"]
[Date "2023.05.31"]
[WhiteClock "0:00:23"]
[BlackClock "0:00:01"]

1. e4 c5 2. Nf3 e6 3. d4 cxd4 4. Nxd4 Nc6 5. Nc3 Qc7 6. Be3 a6 7. Be2 Nf6 8. O-O Be7 9. f4 d6 10. Kh1 O-O 11. f5 Nxd4 12. Bxd4 e5 13. Be3 b5 14. Bf3 Bb7 15. Bg5 Ne8 16. Be3 Nf6 17. a3 Rac8 18. Re1 Rfd8 19. Qe2 Qc4 20. Bb6 Rd7 21. Qf2 h6 22. Rad1 b4 23. axb4 Qxb4 24. Rd3 Qxb2 25. Rb1 Qa3 26. Rb3 Qc1+ 27. Rd1 Qf4 28. Be3 Ng4 29. Bxg4 Qxg4 30. Qf3 h5 31. Rd2 Rc4 32. h3 Qxf3 33. gxf3 Rdc7 34. Rd3 a5 35. Nb5 a4 36. Rb1 Rc8 37. Nxd6 Bxd6 38. Rxd6 Ba8 39. Ra6 Rxc2 40. Rxa4 Re2 41. Bg1 Bc6 42. Rc1 Bxa4 43. Rxc8+ Kh7 44. Rc7 f6 45. Rc4 Bd1 46. Rc1 Re1 47. Kh2 Re2+ 48. Kg3 Re1 49. Bf2 Rh1 50. Be3 Bxf3 51. Kxf3 Rxh3+ 52. Ke2 Rh2+ 53. Bf2 Rh3 54. Rd1 Ra3 55. Rh1 1-0


[Site "https://www.chess.com"]

[Event "Titled Tuesday Blitz May 30 Late 2023"]
[White "KSho99"]
[Black "Filgueira, Hernan"]
[BlackFideId "101770"]
[WhiteElo "2210"]
[BlackElo "2363"]
[Result "0-1"]
[Round "04"]
[TimeControl "180+2"]
[Date "2023.05.31"]
[WhiteClock "0:00:02"]
[BlackClock "0:00:47"]

1. Nf3 d6 2. d4 g6 3. b3 Bg7 4. Bb2 c5 5. e3 cxd4 6. Nxd4 Nf6 7. Be2 Nc6 8. O-O O-O 9. c4 Bd7 10. Nd2 Rc8 11. Rc1 a6 12. Bf3 Qb6 13. Qc2 h5 14. Qb1 e5 15. Nxc6 bxc6 16. c5 dxc5 17. Bxe5 Be6 18. Qa1 Ne8 19. Ne4 c4 20. bxc4 Qa5 21. Bxg7 Nxg7 22. Nf6+ Kh8 23. Rfd1 Qc5 24. Qd4 Qxd4 25. Rxd4 Rc7 26. Rb1 c5 27. Rd6 Bxc4 28. Rc1 Bxa2 29. Rxa6 Be6 30. Ne4 c4 31. Ng5 Rd8 32. Nxe6 Nxe6 33. g3 Kg7 34. Ra4 c3 0-1


[Site "https://www.chess.com"]

[Event "Titled Tuesday Blitz May 30 Late 2023"]
[White "Atanasov, Radislav"]
[Black "Sieciechowicz, Marcin"]
[WhiteFideId "2901471"]
[BlackFideId "1130170"]
[WhiteElo "2077"]
[BlackElo "2302"]
[Result "1/2-1/2"]
[Round "04"]
[TimeControl "180+2"]
[Date "2023.05.31"]
[WhiteClock "0:00:10"]
[BlackClock "0:00:36"]

1. e4 e6 2. d4 d5 3. exd5 exd5 4. c4 Nf6 5. Nc3 Bb4 6. h3 O-O 7. Nf3 Ne4 8. Qb3 a5 9. Bd3 Nxc3 10. bxc3 Re8+ 11. Be3 Bd6 12. O-O a4 13. Qc2 dxc4 14. Bxh7+ Kh8 15. Ng5 Qf6 16. Be4 Bf4 17. Nxf7+ Qxf7 18. Bg6 Qf8 19. Bxf4 Qxf4 20. Bxe8 Bf5 21. Qe2 Ra6 22. Qxc4 Rh6 23. Qf7 Rf6 24. Qh5+ Rh6 25. Qf7 Rf6 26. Qh5+ Rh6 27. Qf7 1/2-1/2


[Site "https://www.chess.com"]

[Event "Titled Tuesday Blitz May 30 Late 2023"]
[White "Bashirli, Nail"]
[Black "MariusBieliauskas"]
[WhiteFideId "13406809"]
[WhiteElo "2311"]
[BlackElo "2467"]
[Result "1-0"]
[Round "04"]
[TimeControl "180+2"]
[Date "2023.05.31"]
[WhiteClock "0:02:28"]
[BlackClock "0:02:18"]

1. Nf3 c5 2. c4 g6 3. h4 h5 4. Nc3 Nf6 5. d4 cxd4 6. Nxd4 Bg7 7. g3 Nc6 8. Nc2 O-O 9. Bg2 d6 10. O-O Be6 11. Nd5 Bxd5 12. cxd5 Ne5 13. Bg5 Rc8 14. Rc1 Qa5 15. a3 Nc4 16. b4 Qa4 17. Bh3 Rc7 18. Ne3 Nxe3 19. Qxa4 1-0


[Site "https://www.chess.com"]

[Event "Titled Tuesday Blitz May 30 Late 2023"]
[White "laziestwin"]
[Black "Wizard_of_Odds"]
[WhiteElo "2650"]
[BlackElo "2438"]
[Result "1-0"]
[Round "04"]
[TimeControl "180+2"]
[Date "2023.05.31"]
[WhiteClock "0:00:21"]
[BlackClock "0:00:02"]

1. b3 Nf6 2. Bb2 e6 3. e3 d5 4. c4 Be7 5. Nf3 O-O 6. Qc2 a5 7. Nc3 Nc6 8. Be2 e5 9. cxd5 Nb4 10. Qb1 Nfxd5 11. Nxe5 Bd6 12. Nxd5 Nxd5 13. O-O Re8 14. Nc4 Bb4 15. Bf3 Be6 16. a3 Bf8 17. Qc2 f6 18. d3 b5 19. Nd2 c5 20. Rac1 Qb6 21. Ne4 Rac8 22. Nc3 Nc7 23. Rfd1 Red8 24. Ne2 Bf7 25. d4 Ne6 26. dxc5 Bxc5 27. Be4 Ng5 28. Bf5 Rxd1+ 29. Qxd1 Rd8 30. Bd4 Bxd4 31. Nxd4 g6 32. Bd3 b4 33. axb4 axb4 34. Bc4 Bxc4 35. Rxc4 Ne6 36. h3 Kg7 37. Nxe6+ 1-0


[Site "https://www.chess.com"]

[Event "Titled Tuesday Blitz May 30 Late 2023"]
[White "Arencibia Monduy, Antonio"]
[Black "Vlassov, Nikolai"]
[WhiteFideId "3507939"]
[BlackFideId "4103360"]
[WhiteElo "2456"]
[BlackElo "2324"]
[Result "0-1"]
[Round "04"]
[TimeControl "180+2"]
[Date "2023.05.31"]
[WhiteClock "0:00:17"]
[BlackClock "0:00:25"]

1. e4 Nc6 2. Nf3 d5 3. exd5 Qxd5 4. Nc3 Qa5 5. Be2 Bg4 6. O-O O-O-O 7. d3 Nf6 8. a3 e5 9. Be3 e4 10. Nd2 Bxe2 11. Qxe2 exd3 12. cxd3 Qh5 13. Nf3 Bd6 14. d4 Rhe8 15. h3 h6 16. Rac1 g5 17. Qb5 a6 18. Qf5+ Kb8 19. Qxf6 g4 20. hxg4 Qxg4 21. Qh4 Qf5 22. Qh3 Qf6 23. Nd5 Qg6 24. Nf4 Qf6 25. Nh5 Qg6 26. Bf4 Re4 27. Bxd6 Rxd6 28. Ng3 Rg4 29. Nh4 Qg5 30. Ngf5 Rf6 31. f3 Rf4 32. d5 Ne5 33. Rce1 R6xf5 34. Nxf5 Rxf5 35. f4 Rxf4 36. Rxf4 Qxf4 37. Qd3 Nxd3 0-1


[Site "https://www.chess.com"]

[Event "Titled Tuesday Blitz May 30 Late 2023"]
[White "Haydon, David L"]
[Black "Rama, Tejas"]
[WhiteFideId "415405"]
[BlackFideId "30907381"]
[WhiteElo "2326"]
[BlackElo "2089"]
[Result "1-0"]
[Round "04"]
[TimeControl "180+2"]
[Date "2023.05.31"]
[WhiteClock "0:01:45"]
[BlackClock "0:00:44"]

1. e4 c5 2. Nf3 d6 3. Bb5+ Qd7 4. Bxd7+ Bxd7 5. d4 cxd4 6. Nxd4 Nf6 7. Nc3 e6 8. h3 a6 9. a4 Be7 10. O-O O-O 11. Be3 Rc8 12. Qd2 Nc6 13. Nxc6 Rxc6 14. Rfd1 Rac8 15. a5 Rc4 16. f3 Ne8 17. Bd4 d5 18. exd5 Rxd4 19. Qxd4 Bc5 20. Qxc5 Rxc5 21. dxe6 Bxe6 22. Rd2 Kf8 23. Ne4 Rb5 24. b3 Ke7 25. Rd3 Nc7 26. c4 Rb4 27. Nc5 Bc8 28. Ra4 Rxa4 29. Nxa4 Bf5 30. Re3+ Kd6 31. g4 Bc2 32. Rc3 Bb1 33. Kf2 Ne6 34. Ke3 g5 35. Rc1 Ba2 36. b4 Bb3 37. Nb2 Nf4 38. Nd3 Nxh3 39. Rh1 Nf4 40. c5+ Kc6 41. Nxf4 gxf4+ 42. Kd4 Bc2 43. Kc3 Bg6 44. Rd1 f5 45. Rd6+ Kc7 46. gxf5 Bxf5 47. Rf6 1-0


[Site "https://www.chess.com"]

[Event "Titled Tuesday Blitz May 30 Late 2023"]
[White "Gubajdullin, Alexei"]
[Black "Kovalevsky, Stanislav"]
[WhiteFideId "4141202"]
[BlackFideId "13508598"]
[WhiteElo "2279"]
[BlackElo "2174"]
[Result "1-0"]
[Round "04"]
[TimeControl "180+2"]
[Date "2023.05.31"]
[WhiteClock "0:00:57"]
[BlackClock "0:00:14"]

1. d4 Nf6 2. Nf3 d5 3. Bf4 c6 4. Nbd2 Nbd7 5. e3 Nh5 6. Be5 Nxe5 7. dxe5 g6 8. Be2 Ng7 9. e4 Ne6 10. exd5 Qxd5 11. Nc4 Bg7 12. Qxd5 cxd5 13. Ne3 Nf4 14. Bb5+ Bd7 15. Bxd7+ Kxd7 16. g3 d4 17. Nxd4 Ne6 18. Nxe6 Kxe6 19. f4 Rhd8 20. Ke2 g5 21. Rad1 Bh6 22. Kf3 gxf4 23. gxf4 f6 24. f5+ Kf7 25. e6+ Ke8 26. Rhg1 Kf8 27. Rd7 Rxd7 28. exd7 Bxe3 29. Kxe3 Rd8 30. Rd1 Kf7 31. Ke4 e5 32. fxe6+ Kxe6 33. h4 Rxd7 34. Rxd7 Kxd7 35. Kf5 Ke7 36. h5 b5 37. h6 a5 38. c3 a4 39. b3 a3 40. c4 bxc4 41. bxc4 Kd6 42. Kxf6 Kc5 43. Kg7 Kxc4 44. Kxh7 Kc3 45. Kg6 Kb2 46. h7 Kxa2 47. h8=Q Kb1 48. Qh1+ Kb2 49. Qg2+ Kb1 50. Qf1+ Kb2 51. Qe2+ Kb1 52. Qb5+ Ka1 53. Qe5+ Kb1 54. Qe4+ Kb2 55. Qd4+ Kb1 56. Qb4+ Ka2 57. Kf5 Ka1 58. Qxa3+ Kb1 59. Qc3 1-0


[Site "https://www.chess.com"]

[Event "Titled Tuesday Blitz May 30 Late 2023"]
[White "Nasir, Zehn"]
[Black "Devagharan, Devina"]
[WhiteFideId "2613239"]
[BlackFideId "2061600"]
[WhiteElo "1993"]
[BlackElo "2427"]
[Result "0-1"]
[Round "04"]
[TimeControl "180+2"]
[Date "2023.05.31"]
[WhiteClock "0:00:05"]
[BlackClock "0:00:09"]

1. d4 d5 2. Bf4 Nf6 3. e3 e6 4. Nf3 Bd6 5. Bg3 O-O 6. Bd3 c5 7. c3 Nc6 8. Ne5 Qc7 9. f4 Ne4 10. Nd2 f6 11. Nxc6 Qxc6 12. Nxe4 dxe4 13. Be2 f5 14. O-O Bd7 15. Qb3 b5 16. Rad1 c4 17. Qc2 Qd5 18. Kh1 Be7 19. Be1 Bc6 20. g4 g6 21. Rg1 Kh8 22. Bf2 Qd7 23. Rg3 Bd5 24. Rdg1 Rf7 25. a3 a5 26. Qd1 b4 27. axb4 axb4 28. Qf1 bxc3 29. bxc3 Ra2 30. Be1 Ra4 31. Qh3 Kg8 32. gxf5 exf5 33. Bh5 Rg7 34. Bd1 Ra6 35. Qh6 Bf8 36. Qg5 Qe7 37. Qh6 Rf6 38. R3g2 g5 39. Qh5 g4 40. Bh4 Bf7 41. Bxf6 Qxf6 42. Qg5 Rxg5 43. fxg5 Qd6 44. h3 gxh3 45. Rg3 Bg6 46. Rxh3 Bg7 47. Bh5 Bf8 48. Bxg6 hxg6 49. Kg2 Bg7 50. Rf1 Qa3 51. Rhh1 Qxc3 52. Re1 Qd2+ 53. Kg3 c3 54. Rd1 Qxe3+ 55. Kg2 c2 56. Ra1 f4 57. Ra8+ Kf7 58. Ra7+ Ke6 59. Rxg7 f3+ 60. Kh2 Qf2+ 61. Kh3 Qg2+ 62. Kh4 Qxh1+ 63. Kg4 Qg2+ 64. Kf4 c1=Q+ 65. Kxe4 Qe2# 0-1


[Site "https://www.chess.com"]

[Event "Titled Tuesday Blitz May 30 Late 2023"]
[White "koncheto"]
[Black "Tarasova, Viktoriya"]
[BlackFideId "4175840"]
[WhiteElo "2591"]
[BlackElo "2182"]
[Result "1-0"]
[Round "04"]
[TimeControl "180+2"]
[Date "2023.05.31"]
[WhiteClock "0:01:01"]
[BlackClock "0:00:19"]

1. d4 Nf6 2. Bg5 d5 3. h4 Bf5 4. Nf3 e6 5. e3 Nbd7 6. Bd3 Bxd3 7. Qxd3 c5 8. Nbd2 Be7 9. c3 h6 10. Bf4 Rc8 11. O-O-O Qa5 12. Kb1 c4 13. Qc2 b5 14. e4 dxe4 15. Nxe4 Nxe4 16. Qxe4 Nf6 17. Qb7 Qd8 18. Qxb5+ Qd7 19. Qxd7+ Nxd7 20. d5 exd5 21. Rxd5 Nb6 22. Re5 Kf8 23. Rhe1 Bf6 24. Ra5 g6 25. Rxa7 Nd5 26. Bd6+ Kg7 27. Ne5 1-0


[Site "https://www.chess.com"]

[Event "Titled Tuesday Blitz May 30 Late 2023"]
[White "Srdanovic, Jovana"]
[Black "Omranalhosani21"]
[WhiteFideId "954810"]
[WhiteElo "2169"]
[BlackElo "2586"]
[Result "1-0"]
[Round "04"]
[TimeControl "180+2"]
[Date "2023.05.31"]
[WhiteClock "0:00:06"]
[BlackClock "0:00:18"]

1. d4 c5 2. d5 e5 3. e4 Nf6 4. Nc3 d6 5. f3 g6 6. a4 h5 7. Bd3 Bh6 8. Bxh6 Rxh6 9. Qd2 Rh8 10. Nge2 h4 11. O-O-O a6 12. f4 Qe7 13. Rdf1 Nbd7 14. fxe5 Nxe5 15. h3 Bd7 16. Ng1 b5 17. Nf3 b4 18. Nd1 Nxd3+ 19. Qxd3 Bxa4 20. Re1 Bb5 21. Qd2 Nd7 22. e5 dxe5 23. Nxe5 Nxe5 24. Rxe5 Qxe5 25. Re1 Qxe1 26. Qxe1+ Kd7 27. Qf2 Rae8 28. Qxf7+ Kd6 29. Qxg6+ Kxd5 30. Qg5+ Kc6 31. Ne3 Rhf8 32. Qd5+ Kb6 33. Qd6+ Bc6 34. Nd5+ Kb5 35. Nc7+ Kb6 36. Nxe8 Rxe8 37. Qh6 Re4 38. Kd2 a5 39. Qh8 Rd4+ 40. Ke3 Bxg2 41. Qh6+ Bc6 42. Qf8 Re4+ 43. Kd3 c4+ 44. Kd2 Rd4+ 45. Ke3 Rd7 46. Qb8+ Kc5 47. Qe5+ Bd5 48. Qd4+ Kc6 49. Qf6+ Rd6 50. Qxh4 Re6+ 51. Kd2 Rg6 52. Qh7 Rg2+ 53. Kc1 c3 54. bxc3 bxc3 55. Qh6+ Kb5 56. Qe3 Kb4 57. Qd4+ Bc4 58. h4 Re2 59. Qd6+ Ka4 60. Qc6+ Ka3 61. Qc5+ Ka2 62. Qxc4+ Ka1 63. Qxe2 Ka2 64. Qc4+ Ka3 65. Qxc3+ Ka4 66. h5 1-0


[Site "https://www.chess.com"]

[Event "Titled Tuesday Blitz May 30 Late 2023"]
[White "Przybylski, Wojciech"]
[Black "Wadsworth, Matthew J"]
[WhiteFideId "1117599"]
[BlackFideId "415804"]
[WhiteElo "2222"]
[BlackElo "2347"]
[Result "1-0"]
[Round "04"]
[TimeControl "180+2"]
[Date "2023.05.31"]
[WhiteClock "0:00:05"]
[BlackClock "0:00:06"]

1. e4 c5 2. Nf3 e6 3. d4 cxd4 4. Nxd4 Nc6 5. Nc3 Qc7 6. Be3 a6 7. Qf3 Ne5 8. Qg3 h5 9. f4 h4 10. Qh3 Nc4 11. Bxc4 Qxc4 12. O-O-O b5 13. Kb1 Qc7 14. Rhe1 Bb7 15. f5 e5 16. Nf3 Nf6 17. Bg5 Be7 18. Bxf6 gxf6 19. Nd5 Bxd5 20. Rxd5 Rc8 21. Re2 b4 22. Ne1 a5 23. Qb3 Rg8 24. Red2 Rg4 25. Rxd7 Qxd7 26. Rxd7 Kxd7 27. Qxf7 Rf4 28. Qd5+ Bd6 29. Nf3 h3 30. Qf7+ Be7 31. Qe6+ Kd8 32. Qd5+ Kc7 33. Qxa5+ Kc6 34. Qa6+ Kd7 35. Qb7+ Rc7 36. Qd5+ Bd6 37. Qd2 Rc4 38. b3 Rcxe4 39. Qf2 Kc6 40. Qf1 hxg2 41. Qxg2 Kb6 42. Nd2 Re1+ 43. Kb2 Bc5 44. Nc4+ Kc7 45. Qg7+ Kc8 46. Qg8+ Kc7 47. Qf7+ Kd8 48. Qg8+ Ke7 49. Qe6+ Kf8 50. Qc8+ Kg7 51. Qxc5 Rff1 52. Nd2 Rh1 53. Qxb4 Rxh2 54. Qg4+ Kh7 55. Qg3 Ree2 56. Nc4 Rxc2+ 57. Ka3 Rxa2+ 58. Kb4 Rag2 59. Qf3 Rf2 60. Qb7+ Kh6 61. Qf7 Kg5 62. Qg6+ Kf4 63. Qxf6 e4 64. Qe5+ Kf3 65. f6 e3 66. Qxe3+ Kg2 67. Qe4+ Kg1 68. Qg4+ Rhg2 69. Qd1+ Rf1 70. Qd4+ Kh1 71. Qh4+ Rh2 72. Qe4+ Kg1 73. Qd4+ Kh1 74. Qd5+ Kg1 75. f7 Rhf2 76. Ne3 Rf4+ 77. Ka3 R1f3 78. Qg5+ Kf2 79. Ng4+ Ke1 80. Ne5 Rf5 81. Qg1+ Ke2 82. Nxf3 Rxf3 83. Qg2+ 1-0


[Site "https://www.chess.com"]

[Event "Titled Tuesday Blitz May 30 Late 2023"]
[White "Shuvalov, Evgenij"]
[Black "Gutkin, Ilya"]
[WhiteFideId "4187237"]
[BlackFideId "16203470"]
[WhiteElo "2080"]
[BlackElo "2265"]
[Result "0-1"]
[Round "04"]
[TimeControl "180+2"]
[Date "2023.05.31"]
[WhiteClock "0:01:01"]
[BlackClock "0:00:36"]

1. d4 d5 2. c4 e6 3. Nc3 Nf6 4. cxd5 exd5 5. Bg5 c6 6. e3 Bd6 7. Bd3 h6 8. Bh4 O-O 9. Nge2 Be6 10. h3 Nbd7 11. f4 Nb6 12. g4 Be7 13. Bf2 Ne4 14. Nxe4 dxe4 15. Bxe4 Bd5 16. Bxd5 cxd5 17. O-O Re8 18. b3 Bh4 19. Qe1 Bxf2+ 20. Qxf2 Qe7 21. Ng3 Qxe3 22. Qxe3 Rxe3 23. Kg2 Rc8 24. Rac1 Rec3 25. Rxc3 Rxc3 26. Rf2 g6 27. Rd2 Nd7 28. Kf2 Nf6 29. g5 hxg5 30. fxg5 Nh5 31. Nxh5 gxh5 32. Kg2 h4 33. Kh2 Kg7 34. Rg2 Kg6 35. Rg4 Rc2+ 36. Kg1 Rxa2 37. Rxh4 Kxg5 38. Rh7 Kg6 39. Rh8 Rb2 40. Rd8 Rxb3 41. Rxd5 b5 42. h4 a5 43. h5+ Kh6 44. Rc5 a4 45. d5 a3 46. Rc6+ Kxh5 47. Ra6 b4 48. d6 Rd3 49. Kf2 f5 50. Ke2 Rd5 51. Ra4 Rxd6 52. Rxb4 Ra6 53. Rb1 a2 54. Ra1 Kg4 55. Kf2 f4 56. Rg1+ Kf5 57. Ra1 Ra3 58. Ke2 f3+ 59. Kf2 Kf4 60. Kg1 Kg3 61. Kf1 f2 62. Ke2 Kg2 0-1


[Site "https://www.chess.com"]

[Event "Titled Tuesday Blitz May 30 Late 2023"]
[White "Eugene, Floryan"]
[Black "i_like_explosions"]
[WhiteFideId "20694784"]
[WhiteElo "2369"]
[BlackElo "2415"]
[Result "1-0"]
[Round "04"]
[TimeControl "180+2"]
[Date "2023.05.31"]
[WhiteClock "0:01:06"]
[BlackClock "0:00:03"]

1. d4 Nf6 2. c4 g6 3. Nf3 Bg7 4. Nc3 d6 5. e4 O-O 6. Be2 e5 7. O-O exd4 8. Nxd4 Re8 9. f3 c6 10. Kh1 Nbd7 11. Be3 Ne5 12. Qd2 Qc7 13. Rfd1 Be6 14. b3 Rad8 15. Rac1 a6 16. Nd5 Bxd5 17. cxd5 c5 18. b4 b6 19. bxc5 bxc5 20. Nb3 Qb6 21. Qa5 Qxa5 22. Nxa5 Rb8 23. Rb1 Bf8 24. Bf4 Nfd7 25. Nc6 Ra8 26. Rb7 Rec8 27. Bxe5 Nxe5 28. Nxe5 dxe5 29. d6 Rc6 30. d7 Rd8 31. Bc4 Kg7 32. h4 Be7 33. g3 Kf6 34. g4 h6 35. Kg2 Kg7 36. Kg3 Kf6 37. a4 Kg7 38. a5 Kf6 39. Rd2 Rd6 40. Rxd6+ Bxd6 41. Bxa6 Ke7 42. Bb5 Ra8 43. a6 Kd8 44. a7 Bc7 45. Bc6 f6 46. Rxc7 Kxc7 47. Bxa8 1-0


[Site "https://www.chess.com"]

[Event "Titled Tuesday Blitz May 30 Late 2023"]
[White "Abduzhaparov"]
[Black "Martic, Ivan"]
[BlackFideId "929301"]
[WhiteElo "2409"]
[BlackElo "2360"]
[Result "1-0"]
[Round "04"]
[TimeControl "180+2"]
[Date "2023.05.31"]
[WhiteClock "0:00:39"]
[BlackClock "0:01:34"]

1. Nf3 d5 2. c4 c6 3. d4 Nf6 4. e3 g6 5. Nc3 Bg7 6. Be2 O-O 7. O-O Bg4 8. cxd5 cxd5 9. Qb3 Bc8 10. Bd2 Nc6 11. Rfc1 Na5 12. Qd1 Bg4 13. Be1 Rc8 14. Qa4 Bxf3 15. Bxf3 Nc4 16. Nxd5 Nxd5 17. Rxc4 Nb6 18. Rxc8 Nxa4 19. Rxd8 Rxd8 20. b3 Nc5 21. Rb1 Nd3 22. Bxb7 e5 23. d5 e4 24. Ba5 Rb8 25. Bc6 Be5 26. d6 Bxd6 27. Bxe4 Ne5 28. Rd1 Rc8 29. f4 Ng4 30. Bf3 Nxe3 31. Rxd6 Rc1+ 32. Kf2 Nf5 33. Rd2 h5 34. g3 Kf8 35. Bb4+ Kg7 36. Ba3 Rb1 37. Bb2+ Kf8 38. Bf6 1-0


[Site "https://www.chess.com"]

[Event "Titled Tuesday Blitz May 30 Late 2023"]
[White "Bayo Milagro, Alvaro"]
[Black "micke12a"]
[WhiteFideId "22275240"]
[WhiteElo "2270"]
[BlackElo "2404"]
[Result "1-0"]
[Round "04"]
[TimeControl "180+2"]
[Date "2023.05.31"]
[WhiteClock "0:00:08"]
[BlackClock "0:00:09"]

1. Nf3 Nf6 2. c4 e6 3. g3 d5 4. Bg2 dxc4 5. O-O Nbd7 6. Qa4 a6 7. Qxc4 b5 8. Qc2 Bb7 9. a4 Be7 10. d3 c5 11. b3 O-O 12. Bb2 Qb6 13. Nc3 Rfc8 14. axb5 axb5 15. Rxa8 Bxa8 16. Ra1 Bb7 17. Qd2 Nd5 18. Nxd5 Bxd5 19. e4 Bb7 20. Ne5 Nxe5 21. Bxe5 Ra8 22. Rxa8+ Bxa8 23. h4 Qa6 24. Qb2 Bf8 25. h5 h6 26. Bf1 Bc6 27. Bf4 Qb7 28. Be3 Be7 29. Qc1 c4 30. bxc4 bxc4 31. Qxc4 Bb5 32. Qc2 Qa6 33. Bd4 Kh7 34. Bb2 Qa5 35. Qc3 Qxc3 36. Bxc3 g6 37. hxg6+ Kxg6 38. Kg2 f5 39. f3 Bf6 40. Bxf6 Kxf6 41. e5+ Kg6 42. f4 Bc6+ 43. Kf2 Kf7 44. Ke3 Ke7 45. Kd4 Kd7 46. Kc5 Kc7 47. d4 Bd7 48. Bc4 Bc8 49. d5 exd5 50. Bxd5 Kd7 51. Bb3 Ke7 52. Kd4 Bb7 53. Ke3 Bc6 54. Kf2 Kf8 55. Ke2 Kg7 56. Ke3 Kg6 57. Kd4 Kh5 58. Bd1+ Kg6 59. Kc5 Be8 60. Kd6 Kf7 61. Bc2 Kf8 62. Bxf5 Bh5 63. Bd3 Bf3 64. f5 Bg4 65. e6 h5 66. f6 Ke8 67. Bb5+ Kf8 68. e7+ 1-0


[Site "https://www.chess.com"]

[Event "Titled Tuesday Blitz May 30 Late 2023"]
[White "Suder, Jakub"]
[Black "Sadilek, Peter"]
[WhiteFideId "1195310"]
[BlackFideId "1616439"]
[WhiteElo "2287"]
[BlackElo "2227"]
[Result "1/2-1/2"]
[Round "04"]
[TimeControl "180+2"]
[Date "2023.05.31"]
[WhiteClock "0:02:19"]
[BlackClock "0:00:10"]

1. d4 Nf6 2. c4 e6 3. Nc3 Bb4 4. f3 d5 5. a3 Be7 6. e4 dxe4 7. fxe4 c5 8. d5 exd5 9. exd5 O-O 10. Nf3 Bd6 11. Nb5 Re8+ 12. Be2 Bg4 13. O-O Bxf3 14. Bxf3 Be5 15. d6 Nc6 16. Nc7 Bd4+ 17. Kh1 Qxd6 18. Nxa8 Rxa8 19. Bg5 Qc7 20. b4 h6 21. Bxf6 Bxf6 22. Bxc6 Qxc6 23. b5 Qe6 24. Rc1 Rd8 25. Qf3 b6 26. a4 Rd2 27. a5 bxa5 28. Qa8+ Kh7 29. Qxa7 Qe4 30. Rg1 Bd4 31. b6 Bxg1 32. Rxg1 Rxg2 33. Rxg2 Qe1+ 34. Rg1 Qe4+ 35. Rg2 Qe1+ 36. Rg1 Qe4+ 37. Rg2 1/2-1/2


[Site "https://www.chess.com"]

[Event "Titled Tuesday Blitz May 30 Late 2023"]
[White "Sliwicki, Damian"]
[Black "Kirillov, Dmitry"]
[WhiteFideId "1127128"]
[BlackFideId "34180572"]
[WhiteElo "2030"]
[BlackElo "2161"]
[Result "0-1"]
[Round "04"]
[TimeControl "180+2"]
[Date "2023.05.31"]
[WhiteClock "0:00:25"]
[BlackClock "0:00:27"]

1. e4 c6 2. Nc3 d5 3. Nf3 dxe4 4. Nxe4 Nf6 5. Nxf6+ exf6 6. d4 Bd6 7. Bd3 O-O 8. O-O Bg4 9. c3 Nd7 10. h3 Bh5 11. Bc2 Qc7 12. Be3 Rfe8 13. Qd3 Nf8 14. Nd2 f5 15. f4 Rad8 16. Rae1 Ne6 17. g4 Nxf4 18. Bxf4 Bxf4 19. gxh5 g6 20. hxg6 hxg6 21. Nf3 c5 22. Qc4 Be3+ 23. Kg2 Qf4 24. Ne5 Qg5+ 25. Kh1 Rxe5 26. dxe5 Qg3 27. Qe2 Rd2 28. Qxd2 Bxd2 29. Re2 Qxh3+ 30. Kg1 Be3+ 0-1


[Site "https://www.chess.com"]